Map: Neon Violet Square LE

Players

Dessa

  • Race: Zerg Zerg
  • League: Diamond
  • Spawn Location: 5:00

Elwin - Winner!

  • Race: Zerg Zerg
  • League: Diamond
  • Spawn Location: 11:00

VOD

Have the link to the VOD?

Description

Time

  • Played on: Dec. 13, 2017, 6:29 a.m.
  • Length: 15:46
Show
View Real Time Build Order
Export as new Build Order

Dessa Zerg 

Build Orders: Pool First, Lurkers 

Get SALT Encoding   

  12  0:01  Drone  
  13  0:11  Drone  
  14  0:27  Spawning Pool  
  13  0:30  Drone  
  14  0:35  Extractor  
  14  0:37  Drone  
  14  1:27  Overlord  
  14  1:29  Hatchery  
  13  1:41  Zergling x2  
  13  1:44  Metabolic Boost  
  13  1:46  Zergling x4  
  16  1:54  Zergling x2  
  17  2:01  Queen  
  17  2:06  Drone  
  20  2:14  Drone  
  21  2:25  Drone  
  22  2:35  Overlord  
  20  2:56  Drone  
  20  2:57  Drone x3  
  24  2:59  Queen  
  26  3:09  Queen  
  28  3:18  Drone x2  
  29  3:28  Drone x3  
  29  3:29  Zergling x2  
  32  3:41  Zergling x2  
  32  3:42  Zergling x6  
  36  3:49  Baneling Nest  
  35  3:56  Zergling x2  
  36  4:13  Overlord  
  36  4:15  Overlord  
  36  4:32  Drone x2  
  36  4:33  Drone x5  
  36  4:35  Hatchery  
  42  4:39  Overlord  
  42  4:51  Overlord  
  42  4:53  Drone  
  42  4:55  Drone x2, Extractor  
  42  4:56  Extractor  
  43  5:02  Drone x4  
  47  5:20  Roach Warren  
  45  5:21  Evolution Chamber  
  45  5:25  Drone x3  
  45  5:26  Overlord  
  45  5:27  Evolution Chamber  
  46  5:35  Lair  
  46  5:36  Drone  
  46  5:37  Drone  
  46  5:38  Drone  
  46  5:42  Drone x2  
  51  5:43  Drone  
  51  6:00  Drone  
  51  6:02  Drone x6  
  51  6:03  Drone x2  
  59  6:09  Zerg Missile Weapons Level 1  
  59  6:10  Zerg Ground Armor Level 1  
  59  6:14  Drone  
  59  6:15  Drone  
  59  6:17  Drone  
  62  6:19  Roach x2  
  66  6:33  Glial Reconstitution  
  66  6:35  Overlord  
  66  6:40  Extractor  
  66  6:41  Extractor  
  66  6:44  Pneumatized Carapace  
  66  6:46  Overlord  
  64  6:50  Roach x6  
  64  6:51  Roach x2  
  64  6:52  Overlord  
  80  6:58  Extractor  
  80  6:59  Drone  
  80  7:00  Drone  
  80  7:01  Drone x2  
  83  7:07  Overlord  
  87  7:15  Roach x2  
  87  7:16  Roach  
  87  7:18  Roach  
  87  7:19  Roach  
  93  7:23  Hatchery  
  94  7:30  Roach x5  
  94  7:31  Ravager x3  
  94  7:32  Ravager  
  94  7:36  Overlord  
  106  7:44  Overlord  
  106  7:45  Overlord  
  106  7:47  Roach  
  108  7:52  Roach x3  
  108  7:54  Overlord  
  108  7:58  Roach x3  
  120  8:00  Ravager x2  
  122  8:06  Drone  
  122  8:08  Overlord  
  122  8:09  Overlord  
  122  8:11  Zerg Missile Weapons Level 2  
  123  8:25  Roach x3  
  123  8:26  Overlord  
  123  8:38  Roach, Queen  
  123  8:39  Drone x2  
  123  8:40  Drone x4  
  123  8:41  Drone x2  
  123  8:47  Roach x2  
  123  8:57  Ravager  
  123  8:58  Ravager x3  
  127  9:05  Drone x2, Overlord  
  127  9:07  Roach x3  
  135  9:21  Roach x5, Overlord  
  135  9:22  Zerg Ground Armor Level 2  
  145  9:27  Queen  
  147  9:35  Drone x2, Overlord  
  149  9:40  Extractor  
  149  9:42  Hydralisk Den  
  149  9:44  Extractor  
  146  9:46  Roach x3  
  109  10:20  Roach x2, Hydralisk, Muscular Augments  
  109  10:21  Roach x5, Hydralisk x8  
  114  10:37  Drone x3  
  114  10:41  Drone x2  
  114  10:42  Drone x2  
  121  10:43  Roach x2, Hydralisk x2  
  121  10:48  Ravager  
  121  10:49  Ravager x3  
  133  10:50  Zergling x2  
  133  10:51  Zergling x8  
  133  10:56  Roach x2  
  142  11:08  Overlord x3  
  142  11:18  Roach x4  
  150  11:38  Drone, Infestation Pit  
  150  11:39  Drone, Overlord x2  
  151  11:43  Extractor  
  151  11:44  Hatchery  
  149  11:55  Roach x2  
  149  11:56  Roach x5  
  149  11:57  Hydralisk x8  
  149  11:58  Hydralisk  
  181  12:03  Ravager x3  
  184  12:24  Hive  
  184  12:37  Lurker Den  
  184  12:40  Overlord x2  
  183  12:48  Overlord x3  
  183  13:05  Queen  
  180  13:10  Queen  
  180  13:12  Roach x7  
  152  13:39  Overseer x2  
  131  13:42  Roach x5, Hydralisk x3  
  131  13:43  Roach  
  149  14:00  Roach  
  149  14:01  Roach x3  
  152  14:15  Lurker x2  
  152  14:16  Lurker x5, Adaptive Talons  
  159  14:27  Roach x4  
  159  14:28  Roach x8  
  159  14:29  Roach  
  145  14:37  Roach x7  
  145  14:38  Roach x3  
  130  14:45  Roach x4  
  134  14:46  Roach x5  
  114  15:03  Hydralisk x2  
  114  15:04  Roach x2  
  106  15:10  Roach x3  
  106  15:11  Roach x3  
  93  15:26  Roach x3  
Show
View Real Time Build Order
Export as new Build Order

Elwin Zerg - Winner!

Build Orders: Hatch First, Lurkers 

Get SALT Encoding   

  12  0:00  Drone  
  13  0:13  Overlord  
  13  0:18  Drone  
  14  0:32  Drone x2  
  16  0:35  Drone  
  17  0:56  Hatchery  
  16  0:59  Drone  
  16  1:02  Drone  
  18  1:06  Extractor  
  17  1:21  Spawning Pool  
  16  1:29  Drone x2  
  16  1:30  Drone  
  19  2:09  Zergling x2  
  19  2:10  Queen x2  
  19  2:13  Metabolic Boost  
  19  2:14  Zergling x2  
  19  2:15  Zergling x2  
  26  2:17  Zergling x2  
  27  2:23  Zergling x2  
  27  2:27  Spine Crawler  
  26  2:45  Drone  
  26  2:46  Drone  
  28  2:52  Overlord x2  
  28  3:11  Drone  
  28  3:12  Drone x4  
  33  3:25  Drone  
  33  3:26  Drone x6  
  39  3:37  Drone  
  39  3:38  Drone  
  41  3:46  Baneling Nest  
  40  3:49  Drone x2  
  39  4:10  Zergling x12  
  39  4:14  Roach Warren  
  43  4:20  Extractor, Evolution Chamber  
  43  4:21  Evolution Chamber  
  43  4:23  Extractor, Zergling x2  
  43  4:24  Zergling x6  
  43  4:34  Hatchery, Overlord  
  43  4:35  Overlord  
  42  4:41  Drone x2  
  44  4:45  Zerg Missile Weapons Level 1  
  44  4:55  Drone  
  44  4:56  Drone x5  
  50  5:01  Baneling x2  
  50  5:13  Lair  
  50  5:27  Drone x10  
  60  5:37  Overlord  
  60  5:44  Extractor  
  55  5:59  Queen  
  55  6:07  Roach  
  55  6:08  Roach x8  
  73  6:18  Zerg Ground Armor Level 1, Overlord x3  
  73  6:26  Drone  
  73  6:32  Overlord  
  74  6:37  Drone  
  74  6:38  Drone x8  
  83  6:42  Roach  
  83  6:43  Glial Reconstitution  
  85  6:49  Zerg Missile Weapons Level 2  
  85  6:56  Roach  
  85  6:57  Roach x5  
  97  7:06  Roach x2  
  101  7:09  Extractor x2  
  101  7:14  Roach x3  
  105  7:16  Overlord  
  105  7:28  Overlord  
  105  7:29  Overlord x3  
  104  7:43  Ravager x5  
  109  7:58  Roach x5  
  111  7:59  Roach, Hatchery  
  120  8:10  Drone x6  
  120  8:12  Roach x5  
  138  8:13  Roach x2  
  138  8:18  Hydralisk Den  
  131  8:36  Roach x9  
  121  8:42  Roach  
  112  8:57  Hydralisk, Muscular Augments  
  112  8:58  Hydralisk x4  
  122  9:13  Pneumatized Carapace  
  122  9:15  Roach  
  122  9:16  Roach x5  
  134  9:19  Overlord  
  134  9:20  Overlord  
  134  9:27  Ravager  
  135  9:40  Zerg Ground Armor Level 2  
  135  9:43  Queen  
  135  9:44  Drone  
  135  9:45  Drone x9  
  131  10:09  Roach  
  131  10:10  Roach x10  
  136  10:22  Drone  
  136  10:24  Drone x3  
  136  10:25  Drone x2  
  136  10:26  Extractor  
  136  10:27  Extractor  
  134  11:04  Infestation Pit  
  134  11:10  Drone, Lurker Den  
  137  11:11  Drone x11  
  137  11:13  Overlord x4  
  137  11:14  Overlord  
  144  11:24  Overlord x2  
  144  11:32  Hatchery  
  143  11:43  Hive  
  143  11:46  Hydralisk x9  
  151  11:47  Roach  
  151  11:48  Roach x2  
  151  11:49  Ravager x2  
  151  11:50  Ravager x17  
  186  12:09  Hydralisk  
  186  12:10  Hydralisk x6  
  194  13:08  Lurker x2  
  194  13:09  Lurker x6  
  159  13:32  Roach x2  
  159  13:33  Roach x30  
  159  13:34  Roach x6  
  193  13:37  Hydralisk  
  193  13:38  Hydralisk  
  192  13:49  Extractor  
  192  13:54  Extractor  
  190  13:56  Hatchery  
  189  14:06  Hydralisk  
  189  14:07  Zergling x2  
  192  14:12  Hydralisk  
  192  14:13  Hydralisk x4  
  184  14:46  Roach x8  
  193  14:55  Queen  
  193  14:58  Hydralisk x6  
  193  14:59  Hydralisk  
Tags
 
Add a new tag
Caveats
  • Supply blocks, unpowered buildings, or Contaminate may cause inaccurate times.
  • Supply counts are checked every 10 seconds.